 Dungeon Crawl Stone Soup version 0.28-a0-881-gae16bb6c82 (webtiles) character file.

Game seed: 9302699131804948368

8534 AvatarAndi78 the Carver (level 11, -4/145 HPs)
             Began as a Minotaur Berserker on Nov 21, 2021.
             Was a Priest of Trog.
             Slain by Snorg (7 damage)
             ... on level 10 of the Dungeon.
             The game lasted 00:23:21 (10376 turns).

AvatarAndi78 the Carver (Minotaur Berserker)       Turns: 10376, Time: 00:23:21

Health: -4/145     AC: 15    Str: 22    XL:     11   Next: 11%
Magic:  10/10      EV: 12    Int:  4    God:    Trog [***...]
Gold:   164        SH:  0    Dex: 13    Spells: 10/10 levels left

rFire   . . .      SeeInvis .   x - +5 battleaxe
rCold   + . .      Faith    .   (shield currently unavailable)
rNeg    . . .      Spirit   .   r - +5 scale mail {rF+}
rPois   .          Reflect  .   (helmet restricted)
rElec   .          Harm     .   t - scarf {+Inv}
rCorr   .          Rampage  .   (no gloves)
Will    ++...                   y - +0 pair of boots
Stlth   ..........              n - amulet of the acrobat
HPRegen 1.34/turn               v - ring of ice
MPRegen 0.12/turn               (no ring)

@: berserking (expiring), strong-willed, regenerating, very quick
A: horns 2, retaliatory headbutt
a: Renounce Religion, Evoke Invisibility, Berserk, Trog's Hand


You were on level 10 of the Dungeon.
You worshipped Trog.
Trog was most pleased with you.
You visited 1 branch of the dungeon, and saw 10 of its levels.

You collected 506 gold pieces.
You spent 342 gold pieces at shops.

Inventory:

Hand Weapons
 a - a +2 falchion of protection
 q - a +2 flail of holy wrath
 x - a +5 battleaxe (weapon)
Missiles
 f - 4 throwing nets (quivered)
Armour
 e - a +0 plate armour
 m - a +1 ring mail of poison resistance
 r - a +5 scale mail of fire resistance (worn)
 t - a scarf of invisibility (worn)
 y - a +0 pair of boots (worn)
 E - a +0 buckler
Jewellery
 n - an amulet of the acrobat (around neck)
 u - a ring of protection from fire
 v - a ring of ice (left hand)
 w - a +6 ring of strength
 C - a ring of protection from fire
Wands
 b - a wand of iceblast (19)
 h - a wand of paralysis (11)
 j - a wand of flame (56)
 k - a wand of mindburst (11)
 l - a wand of acid (9)
 z - a wand of charming (5)
Scrolls
 c - a scroll of fear
 g - 2 scrolls of teleportation
 i - a scroll of holy word
 p - 2 scrolls of magic mapping
 A - a scroll of summoning
 B - a scroll of blinking {unknown}
 D - a scroll of fog {unknown}
Potions
 d - a potion of heal wounds {unknown}
 o - a potion of invisibility
 s - a potion of resistance


   Skills:
 + Level 9.6 Fighting
 + Level 13.1 Long Blades
 + Level 6.7(7.2) Axes
 + Level 4.1(6.0) Polearms
 + Level 9.9 Armour
 + Level 5.0 Dodging
 + Level 1.3 Stealth


You had 10 spell levels left.
You didn't know any spells.
Your spell library was empty.

Dungeon Overview and Level Annotations

Branches:
Dungeon (10/15)            Temple (0/1) D:5
   Lair: D:8-11         Orc: D:9-12

Altars:
Cheibriados
Dithmenos
Fedhas
Gozag
Makhleb
Qazlal
Sif Muna
Trog
Uskayaw
Vehumet
Wu Jian
Xom
Yredelemnul

Shops:
D:2 (   D:9 (?[

Annotations:
D:8 2 transporters, benitares's ghost, novice OpTm
D:10 Snorg; tensugalgo's ghost, journeyman OgSu


Innate Abilities, Weirdness & Mutations

You have a pair of horns on your head.
You reflexively headbutt those who attack you in melee.


Message History

Snorg the Insatiable comes into view.
Snorg is nearby!
You hit Snorg. Your headbutt misses Snorg.
Snorg is lightly wounded.
Snorg bites you but does no damage. Snorg misses you. Snorg closely misses you.
Snorg goes berserk!
Your skin crawls.
You feel strong-willed.
You can no longer call in reinforcements.
Snorg bites you! Snorg barely misses you. Snorg claws you!
A red film seems to cover your vision as you go berserk!
You feel yourself moving faster!
You feel mighty! Snorg closely misses you. Snorg claws you. Snorg claws you!
Snorg bites you but does no damage. Snorg claws you!
Snorg claws you but does no damage.
You slice Snorg!!
Snorg is lightly wounded.
Snorg closely misses you. Snorg claws you! x2
You slash Snorg!
Snorg is moderately wounded.
Snorg bites you! Snorg barely misses you. Snorg claws you! Snorg bites you!!
* * * LOW HITPOINT WARNING * * *
Snorg barely misses you. Snorg claws you.
* * * LOW HITPOINT WARNING * * *
You chop Snorg into pieces!!! You headbutt Snorg!!
Snorg is severely wounded.
Snorg bites you.
* * * LOW HITPOINT WARNING * * *
Snorg closely misses you. Snorg claws you but does no damage.
You completely miss Snorg.
Snorg is severely wounded.
Snorg bites you!
* * * LOW HITPOINT WARNING * * *
Snorg claws you but does no damage. Snorg claws you!
* * * LOW HITPOINT WARNING * * *
You slice Snorg!!
Snorg is almost dead.
Snorg bites you.
* * * LOW HITPOINT WARNING * * *
Snorg claws you!
You die...

..................#
..................#
..................#
............:.....#
....<.............#
..................#
................./#
.....##########...#
#∩.∩.∩.∩W#.@.#
.......3#.T.#
..P..:(#.[.#
......#...#
.P.∩P#...#
######...#
.........#
.........#


You could see Snorg (berserk), a ynoxinul and tensugalgo's ghost.

Vanquished Creatures
  Harold (D:7)
  Nergalle (D:10)
  A cyclops (D:7)
  Joseph (D:7)
  4 trolls
  A hornet (D:10)
  Grinder (D:4)
  A wyvern (D:9)
  A ynoxinul (D:9)
  A wraith (D:9)
  3 yaks (D:9)
  2 water moccasins
  4 orc warriors
  2 sky beasts
  A black bear (D:6)
  3 ice beasts (D:7)
  3 necrophages
  2 ogres
  2 phantoms
  A centaur (D:8)
  A kobold brigand (D:9)
  3 bullfrogs
  2 scorpions
  6 killer bees
  17 wights
  5 howler monkeys (D:9)
  A lava snake (D:7)
  4 centaur zombies
  3 hounds
  2 jellies
  5 orc priests
  2 centaur skeletons
  2 iguanas
  A bullfrog skeleton (D:5)
  A gnoll shaman (D:9)
  Natasha (thrice) (D:4)
  7 orc wizards
  A statue (D:5)
  2 killer bee zombies (D:8)
  A hound skeleton (D:4)
  A howler monkey zombie (D:7)
  16 gnolls
  5 adders
  A shadow imp (D:6)
  A white imp (D:8)
  2 ufetubi
  An adder skeleton (D:3)
  4 dart slugs
  20 orcs
  5 endoplasms
  2 giant cockroaches
  4 goblins
  5 hobgoblins
  3 quokkas
  4 ball pythons
  3 bats
  A frilled lizard (D:2)
  12 kobolds
  3 rats
198 creatures vanquished.

Notes
Turn   | Place    | Note
-------+----------+-------------------------------------------
     0 | D:1      | AvatarAndi78 the Minotaur Berserker began the quest for the
                  | Orb.
     0 | D:1      | Reached XP level 1. HP: 19/19 MP: 0/0
   321 | D:1      | Reached XP level 2. HP: 27/27 MP: 1/1
   794 | D:2      | Reached XP level 3. HP: 21/33 MP: 2/2
   986 | D:2      | Found a faded altar of an unknown god.
   987 | D:2      | Noticed a scorpion
   998 | D:2      | Killed a scorpion
   999 | D:2      | Reached skill level 5 in Axes
   999 | D:2      | Reached XP level 4. HP: 40/41 MP: 3/3
  1547 | D:2      | Found Odghekee's Weapon Boutique.
  1822 | D:3      | Reached skill level 1 in Polearms
  2070 | D:3      | Reached XP level 5. HP: 46/47 MP: 4/4
  2098 | D:3      | Reached ** piety under Trog
  2674 | D:4      | Noticed Grinder
  2690 | D:4      | Paralysed by Grinder for 5 turns
  2703 | D:4      | Killed Grinder
  2704 | D:4      | Reached skill level 5 in Fighting
  2704 | D:4      | Reached skill level 1 in Long Blades
  2704 | D:4      | Reached XP level 6. HP: 23/56 MP: 5/5
  3061 | D:4      | Reached skill level 2 in Long Blades
  3214 | D:4      | Reached XP level 7. HP: 61/61 MP: 6/6
  3350 | D:4      | Noticed Natasha
  3358 | D:4      | Killed Natasha
  3359 | D:4      | Reached skill level 3 in Long Blades
  3531 | D:4      | Noticed Natasha
  3539 | D:4      | Killed Natasha
  3579 | D:4      | Noticed Natasha
  3590 | D:4      | Killed Natasha
  3644 | D:5      | Entered Level 5 of the Dungeon
  3662 | D:5      | Reached skill level 1 in Stealth
  3663 | D:5      | Reached skill level 4 in Long Blades
  3667 | D:5      | Reached skill level 5 in Armour
  3845 | D:5      | Reached skill level 5 in Long Blades
  3903 | D:5      | Found a radiant altar of Vehumet.
  3957 | D:5      | Found a basalt altar of Yredelemnul.
  4005 | D:5      | Reached XP level 8. HP: 52/69 MP: 7/7
  4130 | D:5      | Found a stormy altar of Qazlal.
  4130 | D:5      | Found an opulent altar of Gozag.
  4134 | D:5      | Found an ornate altar of the Wu Jian Council.
  4137 | D:5      | Found a snail-covered altar of Cheibriados.
  4137 | D:5      | Found a burning altar of Makhleb.
  4141 | D:5      | Found a shimmering altar of Xom.
  4145 | D:5      | Found a blossoming altar of Fedhas.
  4200 | D:5      | Reached skill level 6 in Long Blades
  4242 | D:5      | Found a staircase to the Ecumenical Temple.
  4678 | D:6      | Reached skill level 7 in Long Blades
  4991 | D:6      | Reached skill level 8 in Long Blades
  5676 | D:7      | Reached XP level 9. HP: 78/78 MP: 8/8
  5726 | D:7      | Noticed Harold
  5739 | D:7      | Killed Harold
  5740 | D:7      | Reached skill level 9 in Long Blades
  5749 | D:7      | Reached skill level 10 in Long Blades
  5883 | D:7      | Noticed a cyclops
  5895 | D:7      | Killed a cyclops
  6176 | D:7      | Noticed Joseph
  6193 | D:7      | Killed Joseph
  6194 | D:7      | Reached skill level 11 in Long Blades
  6541 | D:7      | Found a hide-covered altar of Uskayaw.
  6567 | D:7      | Reached XP level 10. HP: 73/88 MP: 9/9
  7056 | D:7      | Reached *** piety under Trog
  7557 | D:8      | Found a transporter.
  7564 | D:8      | Noticed benitares's ghost (novice OpTm)
  7567 | D:8      | Noticed a moth of wrath
  7671 | D:8      | Reached skill level 12 in Long Blades
  7855 | D:8      | Found a transporter.
  8664 | D:9      | Found a bloodstained altar of Trog.
  8738 | D:9      | Found a shimmering blue altar of Sif Muna.
  8852 | D:9      | Found Remuphao's Antique Armour Boutique.
  8973 | D:9      | Bought an embroidered scarf for 160 gold pieces
  9082 | D:9      | Reached skill level 13 in Long Blades
  9167 | D:9      | Found Weedipim's Antique Weapon Emporium.
  9256 | D:9      | Found Zoamem's Magic Scroll Boutique.
  9265 | D:9      | Bought a scroll of magic mapping for 49 gold pieces
  9265 | D:9      | Bought a scroll of summoning for 133 gold pieces
  9580 | D:9      | Found a shadowy altar of Dithmenos.
  9653 | D:10     | Entered Level 10 of the Dungeon
  9655 | D:10     | Noticed Nergalle
  9667 | D:10     | Killed Nergalle
  9668 | D:10     | Reached XP level 11. HP: 48/95 MP: 10/10
  9920 | D:10     | Reached skill level 5 in Dodging
 10097 | D:10     | Reached **** piety under Trog
 10362 | D:10     | Noticed tensugalgo's ghost (journeyman OgSu)
 10365 | D:10     | Noticed Snorg
 10376 | D:10     | HP: 3/145 [Snorg (6)]
 10376 | D:10     | Slain by Snorg

Illustrated notes

Levels and vault maps discovered:
D:1:      minmay_arrival_diagonal_passages, layout_basic
D:2:      layout_basic, shapermc_ecumenical_altar_venn, serial_shops,
          nicolae_shop_bloodbath_and_beyond
D:3:      minmay_general_purpose_star, layout_basic, minmay_misc_feat_nine_boxes
D:4:      layout_rooms, uniq_natasha, uniq_grinder
D:5:      layout_cave_pools, overflow_temple_1_default, vehumet_statue,
          nicolae_overflow_hallway_of_the_gods,
          minmay_temple_entry_glassed_door, minmay_misc_feat_tiny,
          minmay_misc_feat_square
D:6:      layout_loops_ring
D:7:      minmay_opposing_rooms, layout_loops_ring, nicolae_uskayaw_suspiria,
          uniq_joseph, uniq_harold
D:8:      nicolae_cairo_tiling_large_dashed, layout_layer_cave,
          gammafunk_ghost_berserking_beasts, minmay_misc_feat_hallway,
          minivault_23
D:9:      layout_small_grid, nzn_overflow_gifts_of_might_and_magic,
          nicolae_dithmenos_the_darkroom, serial_shops,
          nicolae_shop_window_shopping, nicolae_stop_n_shop_1,
          nicolae_lakefront_shop
D:10:     minmay_klotski, layout_long_grid, hellmonk_ghost_big_iron,
          uniq_nergalle, uniq_snorg

Skill      XL: |  1  2  3  4  5  6  7  8  9 10 11 |
---------------+----------------------------------+-----
Axes           | 4 5 6 |  6.7
Fighting       | 4 5 6 8 9 |  9.6
Armour         | 3 4 5 7 8 9 |  9.9
Polearms       | 1 3 4 |  4.1
Long Blades    | 1 2 5 8 11 13 | 13.1
Dodging        | 3 4 5 |  5.0
Stealth        | 1 |  1.3

Action                   |  1- 3 |  4- 6 |  7- 9 | 10-12 || total
-------------------------+-------+-------+-------+-------++-------
Melee: Hand axe          |    42 |     3 |       |       ||    45
       Headbutt          |     4 |    18 |    55 |    66 ||   143
       Scythe            |       |    38 |       |       ||    38
       Falchion          |       |    51 |   247 |   218 ||   516
       Battleaxe         |       |       |       |    67 ||    67
Invok: Berserk           |     2 |     1 |     3 |     2 ||     8
       Trog's Hand       |       |     2 |     4 |     5 ||    11
  Use: Scroll            |       |     5 |     3 |     1 ||     9
       Potion            |       |     3 |     4 |     3 ||    10
Armor: Scale mail        |    11 |     3 |    17 |   109 ||   140
       Animal skin       |     1 |       |       |       ||     1
       Ring mail         |       |    15 |       |       ||    15
       Plate armour      |       |    26 |   110 |       ||   136
Dodge: Dodged            |    24 |    47 |    81 |   173 ||   325

Table legend: (Time is in decaauts)
 A = Elapsed time spent in this place.
 B = Non-inter-level travel time spent in this place.
 C = Inter-level travel time spent in this place.
 D = Time resting spent in this place.
 E = Time spent auto-exploring this place.
 F = Levels seen in this place.
 G = Mean time per level.
                   A        B        C        D        E       F      G
               +--------+--------+--------+--------+--------+-----+--------+
         Total |  10450 |  10301 |    149 |      3 |   8593 |  10 | 1045.0 |
       Dungeon |  10450 |  10301 |    149 |      3 |   8593 |  10 | 1045.0 |
               +--------+--------+--------+--------+--------+-----+--------+

Top non-repeatable levels by time:
     D:7: 1632 daAuts
     D:8: 1364 daAuts
     D:6: 1206 daAuts
     D:9: 1169 daAuts
     D:2: 1039 daAuts
     D:4: 1031 daAuts
     D:3: 922 daAuts
     D:5: 786 daAuts
     D:1: 745 daAuts
    D:10: 551 daAuts
